Map: World of Sleepers LE

Players

llllllllllll - Winner!

  • Race: Terran Terran
  • League: Grandmaster
  • Spawn Location: 7:00

RIPGeoff

  • Race: Protoss Protoss
  • League: Grandmaster
  • Spawn Location: 1:00

VOD

Have the link to the VOD?

Description

Time

  • Played on: Sept. 18, 2019, 5:30 p.m.
  • Length: 19:26
Show
View Real Time Build Order
Export as new Build Order

llllllllllll Terran - Winner!

Build Orders:  

Get SALT Encoding   

  12  0:02  SCV  
  13  0:14  SCV  
  13  0:18  Supply Depot  
  14  0:26  SCV  
  15  0:39  SCV  
  16  0:43  Barracks  
  16  0:46  Refinery  
  16  0:51  SCV  
  17  1:04  SCV  
  18  1:16  SCV  
  19  1:29  Marine  
  19  1:30  Orbital Command  
  20  1:40  Command Center  
  20  1:51  Factory  
  20  1:56  SCV  
  21  2:08  Barracks Reactor, SCV  
  22  2:11  Supply Depot  
  22  2:20  Barracks, SCV  
  23  2:32  SCV  
  24  2:45  SCV  
  24  2:48  Hellion x2  
  24  2:49  Barracks Tech Lab  
  29  2:52  Orbital Command  
  29  2:57  SCV  
  30  3:08  Stimpack, Marine  
  30  3:09  SCV  
  32  3:16  Marine x2  
  32  3:18  SCV  
  35  3:20  Barracks  
  35  3:21  Refinery, SCV  
  35  3:23  Engineering Bay  
  36  3:27  Marine  
  36  3:32  SCV  
  36  3:33  SCV  
  39  3:36  Marine x2  
  39  3:44  SCV  
  39  3:45  Marine, SCV  
  39  3:47  Factory Tech Lab  
  40  3:48  Supply Depot  
  40  3:50  Terran Infantry Weapons Level 1  
  40  3:53  Marine  
  40  3:54  Marine  
  42  3:56  SCV  
  42  3:57  SCV  
  44  4:04  Marine  
  44  4:08  Starport, SCV  
  46  4:10  SCV  
  46  4:12  Supply Depot  
  46  4:13  Factory Reactor  
  46  4:14  Supply Depot, Marine  
  46  4:15  Marine  
  49  4:18  Marine  
  49  4:21  SCV  
  49  4:22  SCV  
  52  4:24  Marine  
  52  4:29  Combat Shield  
  53  4:33  SCV  
  53  4:34  Supply Depot, SCV  
  53  4:37  Missile Turret, Marine  
  53  4:38  Marine  
  57  4:43  Refinery  
  57  4:45  Marine, SCV  
  59  4:46  SCV  
  59  4:47  Marine  
  61  4:55  Medivac  
  61  4:56  Marine  
  61  4:57  SCV, Marine  
  61  4:58  SCV  
  66  5:00  Supply Depot  
  66  5:03  Marine  
  66  5:05  Medivac, Marine  
  70  5:08  Missile Turret  
  70  5:11  SCV x2  
  72  5:14  Factory Reactor, Marine x2  
  74  5:22  Supply Depot  
  74  5:23  Marauder  
  74  5:24  Marauder  
  78  5:30  Supply Depot  
  78  5:32  Marine x2  
  80  5:43  Command Center  
  80  5:46  Marauder x2  
  80  5:49  Terran Infantry Armor Level 1  
  84  5:55  Marine x2  
  85  5:59  Widow Mine  
  85  6:00  Widow Mine  
  86  6:04  SCV x2  
  86  6:07  Supply Depot  
  88  6:16  Marauder x2  
  92  6:19  Marine  
  92  6:20  Marine  
  92  6:21  Medivac x2  
  97  6:32  Barracks, SCV x2  
  98  6:33  Barracks  
  98  6:36  Starport  
  98  6:39  Marauder x2  
  102  6:43  Marine x2  
  102  6:44  SCV x2  
  106  6:56  SCV x2  
  106  7:00  Marauder  
  106  7:01  Marauder  
  112  7:02  Viking x2  
  116  7:08  SCV x2  
  116  7:12  Missile Turret  
  115  7:20  SCV  
  115  7:21  SCV  
  116  7:24  Marauder x2  
  116  7:25  Barracks Tech Lab, Barracks Reactor  
  116  7:26  Orbital Command  
  119  7:32  Viking  
  119  7:33  Viking, SCV x2  
  125  7:45  Refinery  
  125  7:46  Refinery  
  125  7:49  Refinery  
  125  7:52  Supply Depot x2, Marine, Viking, SCV x2  
  125  7:53  Marine  
  125  7:55  SCV  
  132  8:00  Marauder  
  133  8:07  Supply Depot x2  
  133  8:13  SCV x3  
  133  8:16  Marauder  
  133  8:18  Marine  
  133  8:19  Marine  
  135  8:20  Viking x2  
  135  8:21  Viking  
  135  8:25  SCV  
  135  8:26  SCV x2  
  142  8:28  Viking  
  144  8:38  SCV x3  
  144  8:39  Armory  
  144  8:40  Engineering Bay  
  147  8:44  Ghost Academy  
  145  8:52  Viking x2  
  145  8:53  Viking  
  149  9:01  Command Center  
  147  9:11  Supply Depot  
  147  9:12  Viking  
  147  9:15  Marine x4  
  153  9:22  Viking x2  
  157  9:24  Marine x2  
  157  9:25  Marine  
  157  9:26  Terran Infantry Armor Level 2, Terran Infantry Weapons Level 2, SCV x3  
  157  9:29  Terran Ship Weapons Level 1  
  163  9:32  Marine  
  163  9:38  SCV x3  
  167  9:41  Enhanced Shockwaves  
  167  9:42  Unknown  
  167  9:43  Marine x3  
  170  9:50  SCV x3  
  168  9:59  Ghost x2  
  172  10:02  SCV  
  172  10:05  Missile Turret  
  173  10:09  SCV  
  173  10:12  Ghost, SCV  
  173  10:14  Orbital Command  
  176  10:24  Concussive Shells  
  176  10:27  Command Center  
  176  10:29  Ghost x2  
  180  10:36  Barracks  
  180  10:37  Barracks  
  180  10:38  Barracks  
  182  10:44  Sensor Tower  
  182  10:55  Starport  
  182  10:56  Starport  
  180  10:57  Viking x4  
  180  11:03  Command Center  
  187  11:04  Supply Depot  
  187  11:08  Supply Depot  
  185  11:12  Armory  
  185  11:17  Missile Turret  
  185  11:18  Missile Turret x3  
  185  11:20  Missile Turret  
  185  11:22  Missile Turret x2  
  185  11:25  Barracks Tech Lab x2, Barracks Reactor  
  185  11:26  Starport, Marine x5  
  190  11:33  Missile Turret  
  190  11:34  Starport Tech Lab x2  
  190  11:38  Terran Vehicle And Ship Armor Level 1  
  189  11:42  Marine x2  
  189  11:44  Marine x2  
  184  11:48  Terran Infantry Weapons Level 3, Terran Infantry Armor Level 3  
  184  11:49  Marine x2  
  186  11:57  SCV  
  186  11:58  SCV x2  
  186  11:59  Planetary Fortress  
  186  12:04  Starport Tech Lab  
  186  12:05  Terran Ship Weapons Level 2  
  186  12:08  Refinery  
  185  12:09  SCV  
  185  12:10  Fusion Core, SCV  
  185  12:12  Refinery, SCV x2  
  189  12:20  Orbital Command  
  189  12:23  Missile Turret  
  189  12:24  Missile Turret  
  189  12:26  Sensor Tower  
  189  12:27  Missile Turret x2  
  189  12:28  Personal Cloaking  
  189  12:29  Missile Turret  
  189  12:36  SCV x2  
  188  12:39  Viking x4  
  188  12:40  Missile Turret  
  195  12:55  Command Center  
  195  12:57  Command Center  
  195  13:06  Raven x2  
  190  13:30  Medivac x2  
  186  13:45  Medivac  
  186  13:46  Medivac  
  186  13:47  Terran Vehicle And Ship Armor Level 2  
  182  13:49  Weapon Refit  
  182  13:51  Battlecruiser x2  
  182  13:52  Battlecruiser  
  200  13:58  Command Center  
  200  13:59  Command Center  
  200  14:00  Command Center  
  200  14:01  Command Center  
  200  14:02  Command Center  
  200  14:09  Orbital Command x2  
  200  14:14  Ghost  
  199  14:21  Ghost  
  199  14:22  Ghost x2  
  199  14:24  Ghost  
  199  14:25  Neosteel Armor, Hi-Sec Auto Tracking  
  199  14:34  Command Center  
  199  14:36  Command Center  
  199  14:43  Missile Turret x2  
  199  14:44  Missile Turret  
  198  14:48  Command Center  
  198  14:53  Command Center  
  198  14:57  Terran Ship Weapons Level 3  
  198  15:12  Orbital Command  
  198  15:13  Orbital Command x3  
  180  15:31  Battlecruiser x2  
  180  15:32  Battlecruiser  
  197  15:44  Command Center  
  197  15:46  Orbital Command  
  197  15:47  Missile Turret  
  197  15:50  Missile Turret  
  197  15:51  Orbital Command  
  197  15:52  Missile Turret  
  197  15:53  Missile Turret  
  195  16:02  Starport x2  
  191  16:04  Starport  
  191  16:10  Planetary Fortress  
  191  16:12  Unknown  
  191  16:13  Orbital Command  
  191  16:14  Orbital Command  
  187  16:28  Terran Vehicle And Ship Armor Level 3  
  187  16:38  Command Center  
  187  16:39  Battlecruiser x2  
  199  16:42  Starport Tech Lab x2  
  199  16:43  Starport Tech Lab  
  199  16:44  Starport Reactor  
  197  16:52  Missile Turret  
  195  17:11  Medivac x2  
  195  17:12  Missile Turret  
  195  17:13  Missile Turret  
  195  17:14  Missile Turret  
  197  17:19  Missile Turret x2  
  197  17:20  Missile Turret  
  197  17:22  Ghost  
  197  17:37  Missile Turret x2  
  197  17:42  Missile Turret  
  197  17:43  Missile Turret x2  
  196  17:45  Ghost x2  
  196  17:46  Missile Turret x2  
  196  17:48  Missile Turret x2  
  196  17:49  Missile Turret  
  198  17:55  Missile Turret  
  198  17:56  Missile Turret x2  
  198  17:57  Missile Turret  
  198  17:58  Missile Turret x2  
  194  17:59  Missile Turret  
  194  18:05  Ghost, Missile Turret  
  194  18:06  Ghost x2  
  193  18:13  Orbital Command  
  183  18:33  Orbital Command  
  183  18:35  Refinery  
  183  18:39  Refinery  
  183  18:42  Ghost  
  183  18:43  Ghost  
  199  19:04  Command Center  
  199  19:05  Command Center  
Show
View Real Time Build Order
Export as new Build Order

RIPGeoff Protoss 

Build Orders: 1 Gate Expand, Phoenix Opening, Carriers 

Get SALT Encoding   

  12  0:00  Probe  
  13  0:13  Probe  
  14  0:19  Pylon  
  14  0:25  Probe  
  15  0:37  Probe (Chrono Boost)  
  15  0:40  Gateway  
  16  0:46  Probe (Chrono Boost)  
  16  0:47  Assimilator  
  17  0:51  Probe (Chrono Boost)  
  18  1:03  Probe  
  19  1:16  Probe  
  20  1:28  Probe  
  20  1:29  Cybernetics Core  
  21  1:38  Nexus  
  21  1:43  Pylon  
  21  1:45  Probe  
  22  1:54  Assimilator  
  22  1:58  Probe  
  23  2:05  Adept (Chrono Boost)  
  24  2:10  Probe (Chrono Boost)  
  25  2:22  Probe (Chrono Boost)  
  26  2:24  Stargate  
  26  2:27  Adept  
  26  2:28  Probe (Chrono Boost)  
  28  2:37  Warp Gate  
  29  2:39  Probe  
  30  2:49  Pylon  
  30  2:50  Probe  
  31  2:51  Probe  
  32  3:01  Adept  
  32  3:02  Probe  
  32  3:03  Probe  
  36  3:08  Phoenix (Chrono Boost)  
  38  3:14  Probe  
  38  3:19  Robotics Facility  
  39  3:21  Probe  
  39  3:23  Assimilator  
  40  3:40  Probe  
  40  3:42  Probe  
  40  3:50  Phoenix (Chrono Boost)  
  40  3:51  Assimilator  
  40  3:54  Probe (Chrono Boost), Adept  
  46  3:56  Probe (Chrono Boost)  
  46  3:58  Pylon  
  46  4:04  Probe (Chrono Boost)  
  46  4:07  Probe (Chrono Boost)  
  46  4:08  Observer  
  46  4:09  Probe (Chrono Boost)  
  49  4:10  Phoenix  
  49  4:16  Probe  
  53  4:21  Probe  
  54  4:26  Gateway  
  54  4:27  Shield Battery, Gateway  
  54  4:28  Probe  
  55  4:33  Probe  
  55  4:35  Immortal (Chrono Boost)  
  60  4:41  Probe  
  60  4:45  Probe  
  62  4:46  Pylon  
  62  4:57  Pylon  
  62  5:01  Pylon  
  62  5:03  Phoenix  
  62  5:04  Probe x2  
  66  5:08  Immortal (Chrono Boost)  
  70  5:16  Probe  
  70  5:17  Probe  
  70  5:20  Robotics Bay  
  72  5:26  Adept  
  72  5:27  Adept  
  76  5:28  Sentry  
  76  5:32  Probe  
  79  5:41  Probe  
  80  5:45  Shield Battery  
  80  5:46  Pylon  
  80  5:59  Adept x3  
  86  6:06  Phoenix  
  86  6:08  Observer  
  89  6:18  Probe x2  
  91  6:31  Phoenix  
  93  6:35  Observer (Chrono Boost)  
  94  6:40  Pylon  
  94  6:42  Pylon  
  94  6:43  Pylon  
  94  6:55  Pylon  
  94  6:56  Colossus (Chrono Boost), Observer  
  94  6:57  Extended Thermal Lance  
  100  7:07  Forge  
  100  7:08  Pylon  
  100  7:14  Phoenix  
  100  7:39  Phoenix, Robotics Facility  
  100  7:41  Pylon x2, Nexus  
  102  7:45  Colossus  
  102  7:48  Photon Cannon  
  102  7:50  Photon Cannon  
  108  7:57  Protoss Ground Weapons Level 1  
  108  8:02  Stargate  
  108  8:04  Phoenix (Chrono Boost)  
  110  8:12  Assimilator  
  110  8:17  Protoss Air Weapons Level 1, Assimilator  
  106  8:30  Colossus, Phoenix (Chrono Boost)  
  114  8:37  Probe x2  
  116  8:43  Colossus  
  122  8:52  Phoenix (Chrono Boost)  
  120  8:56  Phoenix (Chrono Boost)  
  120  9:02  Stalker x2  
  122  9:03  Zealot  
  124  9:11  Gateway x2  
  124  9:12  Phoenix  
  124  9:16  Pylon  
  128  9:17  Probe (Chrono Boost)  
  128  9:19  Pylon  
  128  9:20  Probe (Chrono Boost)  
  128  9:21  Probe (Chrono Boost)  
  129  9:28  Immortal, Probe (Chrono Boost)  
  129  9:30  Probe (Chrono Boost)  
  136  9:32  Probe (Chrono Boost)  
  136  9:34  Phoenix (Chrono Boost)  
  136  9:37  Zealot  
  140  9:39  Observer, Immortal  
  140  9:40  Probe  
  145  9:45  Probe  
  145  9:49  Twilight Council, Phoenix (Chrono Boost)  
  149  9:52  Probe  
  149  9:53  Probe  
  150  10:03  Phoenix (Chrono Boost)  
  152  10:10  Immortal  
  152  10:11  Protoss Ground Armor Level 1  
  152  10:13  Phoenix  
  158  10:18  Zealot  
  160  10:27  Phoenix  
  160  10:30  Charge  
  160  10:41  Phoenix  
  162  10:45  Probe  
  163  10:52  Pylon  
  163  10:53  Immortal x2  
  163  10:54  Pylon  
  171  10:59  Nexus  
  171  11:00  Pylon  
  171  11:01  Observer, Zealot x2  
  171  11:02  Zealot  
  177  11:05  Phoenix x2 (Chrono Boost)  
  177  11:09  Observer  
  177  11:11  Pylon  
  181  11:12  Pylon  
  181  11:20  Photon Cannon  
  181  11:21  Photon Cannon  
  177  11:50  Phoenix  
  177  11:51  Phoenix  
  175  12:06  Stargate  
  175  12:07  Fleet Beacon  
  173  12:15  Probe  
  174  12:32  Phoenix x2  
  178  12:39  Protoss Ground Weapons Level 2 (Chrono Boost)  
  178  12:42  Blink  
  178  12:47  Forge  
  178  12:55  Anion Pulse-Crystals  
  178  12:59  Assimilator  
  178  13:03  Phoenix, Assimilator  
  178  13:04  Phoenix x2  
  178  13:05  Photon Cannon  
  182  13:06  Shield Battery, Zealot x3  
  182  13:07  Zealot x2  
  182  13:08  Shield Battery  
  192  13:21  Observer  
  192  13:32  Observer  
  186  13:36  Nexus  
  186  13:39  Observer  
  184  13:46  Nexus  
  182  13:49  Pylon  
  182  13:52  Pylon  
  182  13:57  Pylon  
  182  13:59  Pylon  
  185  14:14  Observer  
  185  14:17  Carrier x3 (Chrono Boost)  
  200  14:25  Protoss Air Weapons Level 2  
  200  15:03  Photon Cannon  
  200  15:06  Photon Cannon  
  200  15:08  Photon Cannon  
  180  15:25  Nexus  
  180  15:26  Pylon  
  180  15:30  Carrier (Chrono Boost)  
  180  15:35  Carrier (Chrono Boost)  
  192  15:46  Gateway  
  192  15:47  Gateway  
  192  15:52  Carrier (Chrono Boost)  
  195  16:08  Protoss Ground Armor Level 2 (Chrono Boost), Protoss Ground Weapons Level 3 (Chrono Boost)  
  191  16:24  Stargate  
  191  16:26  Stargate  
  191  16:29  Photon Cannon  
  197  16:39  Zealot  
  199  17:25  Tempest x2 (Chrono Boost)  
  199  17:26  Tempest x2 (Chrono Boost)  
  195  17:37  Zealot x2  
  163  18:14  Zealot x2  
  163  18:15  Zealot x2  
  163  18:19  Tempest (Chrono Boost)  
  181  18:20  Tempest (Chrono Boost)  
  163  18:29  Tempest x2 (Chrono Boost)  
  163  18:30  Tempest (Chrono Boost)  
  166  18:41  Nexus  
  166  18:44  Pylon  
  156  18:56  Probe x4  
  160  19:08  Probe  
  156  19:20  Stalker x5  
Tags
 
Add a new tag
Caveats
  • Supply blocks, unpowered buildings, or Contaminate may cause inaccurate times.
  • Supply counts are checked every 10 seconds.